cohdb
Replays
Latest Replays
All Replays
Popular Replays
Top Player Replays
Match Explorer
How It Works
Community
CoH3 Stats
Reddit
Sign in to upload your games and track your stats! →
Sign in with Steam
Match 42606188
Unlisted
Match 42606188
Overview
Messages
Build Orders
End
Construct Infanterie Kompanie
Pioneer Squad
Grenadier Squad
Grenadier Squad
MG 42 Machine Gun Team
Construct Luftwaffe Kompanie
221 Scout Car
Medical Station
Selects Mechanized Battlegroup
Selects Raid Package
Jäger Squad
Luftwaffe Officer Quarters
Support Elements
Selects Mobile Repair Stations
Jäger Squad
MeGBill
(CB7) (DU)(7-4-7)(B0iz)
Porygon
tweaky
0
0
Comments
sign in to comment!
No comments posted yet!